 Dungeon Crawl Stone Soup version 0.31-a0-675-g238779eb0a (webtiles) character file.

Game seed: 2983501107361814103

196 qw the Shooter (level 5, -2/33 HPs)
             Began as a Gargoyle Hunter on Sept 5, 2023.
             Slain by Grinder (3 damage)
             ... on level 3 of the Dungeon.
             The game lasted 00:00:56 (2035 turns).

qw the Shooter (Gargoyle Hunter)                    Turns: 2035, Time: 00:00:57

Health: -2/33      AC: 10    Str: 14    XL:     5   Next: 75%
Magic:  5/5        EV: 10    Int: 10    God:
Gold:   222        SH:  0    Dex: 15    Spells: 4/4 levels left

rFire   . . .        Y - +0 shortbow
rCold   . . .        (shield currently unavailable)
rNeg    + . .        i - +0 ring mail
rPois   inf          (no helmet)
rElec   +            (no cloak)
rCorr   .            a - +0 pair of gloves
SInv    .            (no boots)
Will    .....        (no amulet)
Stlth   +            (no ring)
HPRegen 0.25/turn    (no ring)
MPRegen 0.09/turn

%: no passive effects
@: no status effects
A: sickness immunity, AC +4, negative energy resistance 1, electricity
resistance, torment resistance 1, petrification resistance
a: no special abilities


You were on level 3 of the Dungeon.
You visited 1 branch of the dungeon, and saw 3 of its levels.

You collected 222 gold pieces.


Innate Abilities, Weirdness & Mutations

You are immune to sickness and miasma.
Your stone body is resilient. (AC +4)
You are immune to poison.
You resist negative energy. (rN+)
You are resistant to electric shocks. (rElec)
You are resistant to unholy torment.
You are immune to petrification.


   Skills:
 + Level 3.8 Fighting
 - Level 6.0 Ranged Weapons
 - Level 1.0 Armour
 - Level 1.5 Dodging
 - Level 1.1 Stealth


You had 4 spell levels left.
You didn't know any spells.
Your spell library was empty.

Inventory:

Hand Weapons
 Y - a +0 shortbow (weapon)
Armour
 a - a +0 pair of gloves (worn)
 i - a +0 ring mail (worn)
Wands
 m - a wand of digging (5)
Scrolls
 d - a scroll of teleportation
 j - a scroll of identify {unknown}
 k - a scroll of summoning {unknown}
 l - a scroll of brand weapon {unknown}
Potions
 b - a potion of lignification {unknown}
 c - a potion of mutation {unknown}
 e - a potion of curing {unknown}
 f - a potion of heal wounds {unknown}
 g - a potion of enlightenment {unknown}
 h - a potion of brilliance {unknown}

Dungeon Overview and Level Annotations

Branches:
Dungeon (3/15)

Altars:
Elyvilon
Nemelex Xobeh

Annotations:
D:3 Grinder, Sigmund


Message History

You hear a shout!
The adder barely misses you. The adder bites you but does no damage.
You shoot an arrow. The arrow hits the adder.
You kill the adder!
Grinder comes into view.
The adder bites you.
You shoot an arrow.
The arrow hits the adder but does no damage.
The adder bites you but does no damage.
You shoot an arrow. The arrow misses the adder.
The adder closely misses you. Something hits you but does no damage.
The adder bites you but does no damage.
You shoot an arrow. The arrow completely misses the adder.
Grinder blinks!
The adder bites you but does no damage. Something hits you but does no damage.
Grinder gestures at you.
You barely resist. The adder bites you.
You shoot an arrow. The arrow hits Grinder.
Grinder is lightly wounded.
The adder bites you but does no damage. Something hits you!
Grinder barely misses you.
You shoot an arrow. The arrow hits Grinder.
Grinder is lightly wounded.
The adder bites you but does no damage. Grinder barely misses you.
The adder bites you but does no damage.
You shoot an arrow. The arrow hits Grinder.
Grinder is moderately wounded.
Something hits you but does no damage. The adder bites you.
Grinder hits you but does no damage.
You shoot an arrow. The arrow hits Grinder.
Grinder is moderately wounded.
The adder bites you but does no damage. Grinder hits you.
You writhe in agony.
Something hits you. The adder bites you but does no damage.
You shoot an arrow.
The arrow hits Grinder but does no damage.
Grinder is moderately wounded.
Grinder hits you but does no damage. The adder completely misses you.
Something hits you! Grinder hits you.
You writhe in agony.
You die...
Grinder says, "Now the real fun starts!"

#.#..#.......
..####
#.#..#.......
.....
#....#....... ....
..#..##.#### ...
.##.....# # ..
#.##%....####
{#####.#..##....##
#S........##.##.##
#@...........¤....
#5....~~~~¤¤¤¤~...
#.....~.....¤¤~...
###.#.~.77777.~...
#.#.~.....7.¤:##
#.#.~.7)_.7.~.#
#.#.~.7.....~.#
#.#.~.77777.¤.#
#.#.~.........##


You could see Grinder and an adder.

Vanquished Creatures
  Jessica (D:2)
  Natasha (thrice) (D:2)
  3 adders (D:3)
  A worm (D:2)
  3 dart slugs
  4 orcs (D:3)
  4 ball pythons
  8 endoplasms
  5 goblins
  3 hobgoblins
  2 quokkas (D:2)
  5 bats
  6 frilled lizards
  7 kobolds
  6 rats
61 creatures vanquished.

Notes
Turn   | Place    | Note
-------+----------+-------------------------------------------
     0 | D:1      | qw the Gargoyle Hunter began the quest for the Orb.
     0 | D:1      | Reached XP level 1. HP: 12/12 MP: 1/1
     0 | D:1      | 0 ||| qw: Version: 0.3-a-75-gb5c8c4b
     0 | D:1      | 0 ||| qw: Game counter: 11
     0 | D:1      | 0 ||| qw: Melee chars always use a shield: true
     0 | D:1      | 0 ||| qw: God list: Okawaru
     0 | D:1      | 0 ||| qw: Allow faded altars: false
     0 | D:1      | 0 ||| qw: Do Orc after clearing Dungeon:15 true
     0 | D:1      | 0 ||| qw: Do second Lair branch before Depths: true
     0 | D:1      | 0 ||| qw: Lair rune preference: random
     0 | D:1      | 0 ||| qw: Goals: Normal
     0 | D:1      | 0 ||| PLANNING D:1-11
   122 | D:1      | 122 ||| DROPPING scroll of butterflies.
   141 | D:1      | Reached XP level 2. HP: 17/17 MP: 2/2
   653 | D:1      | 653 ||| READING scroll labelled WOTOUTT GEXZUI.
   720 | D:2      | 720 ||| Stepping ~*~*~tactically~*~*~ (outnumbered).
   722 | D:2      | 722 ||| Stepping ~*~*~tactically~*~*~ (outnumbered).
   724 | D:2      | 724 ||| Stepping ~*~*~tactically~*~*~ (outnumbered).
   745 | D:2      | 745 ||| FLEEEEING.
   749 | D:2      | 749 ||| STAIRDANCE
   793 | D:2      | Reached XP level 3. HP: 21/21 MP: 3/3
   820 | D:2      | Reached skill level 5 in Ranged Weapons
   922 | D:2      | Noticed Natasha
   931 | D:2      | Killed Natasha
   932 | D:2      | Reached skill level 3 in Fighting
   943 | D:2      | Reached XP level 4. HP: 17/28 MP: 4/4
  1128 | D:2      | Noticed Jessica
  1129 | D:2      | Killed Jessica
  1257 | D:2      | Noticed Natasha
  1263 | D:2      | Killed Natasha
  1264 | D:2      | Reached XP level 5. HP: 17/32 MP: 5/5
  1281 | D:2      | Noticed Natasha
  1289 | D:2      | Killed Natasha
  1290 | D:2      | Reached skill level 6 in Ranged Weapons
  1445 | D:2      | 1445 ||| UPGRADING to +0 pair of gloves.
  1450 | D:2      | 1450 ||| UPGRADING to +0 ring mail.
  1460 | D:2      | 1460 ||| DROPPING +0 leather armour.
  1461 | D:2      | 1461 ||| READING scroll labelled NAT PAEQOKK.
  1466 | D:2      | 1466 ||| READING scroll labelled QAL XUPPORU.
  1673 | D:3      | Reached skill level 1 in Armour
  1945 | D:3      | Found a faded altar of an unknown god.
  1950 | D:3      | Found a sparkling altar of Nemelex Xobeh.
  1996 | D:3      | Found a white marble altar of Elyvilon.
  2023 | D:3      | Noticed Sigmund
  2027 | D:3      | Noticed Grinder
  2035 | D:3      | HP: 2/33 [something (10)]
  2035 | D:3      | Slain by Grinder

Levels and vault maps discovered:
D:1:      pf_arrival_petrified_forest, layout_basic, serial_glass,
          glass_columns_a, glass_columns_a, minmay_strange_pillars,
          grunt_decor_fettered
D:2:      layout_basic, uniq_jessica, uniq_natasha
D:3:      layout_rooms, mainiacjoe_overflow_brackets,
          nicolae_overflow_ecumenical_swirl, uniq_sigmund, uniq_grinder

Skill      XL: |  1  2  3  4  5 |
---------------+----------------+-----
Ranged Weapons | 5 6 |  6.0
Fighting       | 3 |  3.8
Armour         | 1 |  1.0
Dodging        | |  1.5
Stealth        | |  1.1

Action                     |  1- 3 |  4- 6 || total
---------------------------+-------+-------++-------
   Fire: Shortbow          |    99 |   122 ||   221
    Use: Scroll            |     1 |     2 ||     3
 Armour: Leather armour    |    26 |     7 ||    33
         Ring mail         |       |    62 ||    62
  Dodge: Dodged            |    26 |    31 ||    57

Table legend:
 A = Non-vault XP
 B = Vault XP
 C = Vault XP percentage of total XP
 D = Non-vault monster count
 E = Vault monster count
 F = Vault count percentage of total count
                 A         B        C        D         E       F
            +---------+---------+-------+---------+---------+-------
      Total |     209 |      72 |  25.6 |      59 |       2 |   3.3
            +---------+---------+-------+---------+---------+-------
        D:1 |      28 |       0 |   0.0 |      18 |       0 |   0.0
        D:2 |     107 |      72 |  40.2 |      22 |       2 |   8.3
        D:3 |      74 |       0 |   0.0 |      19 |       0 |   0.0
            +---------+---------+-------+---------+---------+-------
